9 Archmage
3 Summon Water Elemental
3 Blizzard
3 Brilliance Aura
» actions
| Assign group hotkey | 45 | |
| Basic commands | 156 | |
| Build / train | 89 | |
| ESC pressed | 2 | |
| Enter build submenu | 18 | |
| Enter hero's abilities submenu | 9 | |
| Give item / drop item | 2 | |
| Right click | 391 | |
| Select / deselect | 270 | |
| Select group hotkey | 395 | |
| Use ability | 68 | |
1446 total
» units
| Peasant | 10 | |
| Footman | 8 | |
| Forest Troll Shadow Priest | 1 | |
| Rifleman | 15 | |
| Priest | 6 | |
| Sorceress | 11 | |
| Spell Breaker | 3 | |
54 total
» upgrades
| Lumber Harvesting | 2 | |
| Masonry | 2 | |
| Long Rifles | 1 | |
| Priest Training | 2 | |
| Sorceress Training | 2 | |
| Control Magic | 1 | |
| Gunpowder | 3 | |
| Armor | 3 | |
| Plating | 2 | |
| Swords | 1 | |
19 total
» buildings
| Altar of Kings | 1 | |
| Farm | 13 | |
| Barracks | 2 | |
| Lumber Mill | 1 | |
| Arcane Vault | 1 | |
| Keep | 1 | |
| Blacksmith | 1 | |
| Arcane Sanctum | 2 | |
| Castle | 1 | |
| Town Hall | 1 | |
24 total
» build order
00:07 Altar of Kings
00:28 Farm
00:38 Barracks
00:45 Barracks
01:01 Farm
01:14 Lumber Mill
01:43 Arcane Vault
01:51 Farm
03:30 Keep
07:06 Blacksmith
07:11 Arcane Sanctum
07:13 Castle
07:32 Town Hall
09:04 Farm
09:05 Farm
09:07 Farm
09:08 Farm
09:20 Arcane Sanctum
14:19 Farm
14:28 Farm
14:29 Farm
16:13 Farm
16:14 Farm
16:17 Farm
» items
| Scroll of Regeneration | 3 | |
| Boots of Speed | 1 | |
4 total